 Dungeon Crawl Stone Soup version 0.22-a0-601-gb0ed703 (webtiles) character file.

8283 royokou the Destroyer (level 11, -7/66 HPs)
             Began as a Deep Elf Conjurer on July 6, 2018.
             Was a Priest of Vehumet.
             Shot with an arrow by a centaur warrior (11 damage)
             ... on level 10 of the Dungeon.
             The game lasted 00:51:58 (12696 turns).

royokou the Destroyer (Deep Elf Conjurer)          Turns: 12696, Time: 00:51:58

Health: -7/66      AC:  5    Str:  6    XL:     11   Next: 7%
Magic:  23/32      EV: 17    Int: 23    God:    Vehumet [***...]
Gold:   525        SH:  0    Dex: 15    Spells: 3/24 levels left

rFire    + . .     SeeInvis .   P - +1 rapier
rCold    + . .     Gourm    .   (no shield)
rNeg     . . .     Faith    .   y - +0 troll leather armour
rPois    .         Spirit   .   (no helmet)
rElec    .         Reflect  .   D - scarf {rC+ rF+}
rCorr    .         Harm     .   n - +0 pair of gloves
MR       +....                  (no boots)
Stlth    ++........             (no amulet)
HPRegen  0.61/turn              (no ring)
MPRegen  0.23/turn              K - ring of magical power

@: no status effects
A: no striking features
a: Renounce Religion


You were on level 10 of the Dungeon.
You worshipped Vehumet.
Vehumet was most pleased with you.
You were near starving.

You visited 2 branches of the dungeon, and saw 11 of its levels.

You collected 525 gold pieces.

Inventory:

Hand Weapons
 d - a +2 dagger of venom
 O - a +0 scimitar
 P - a +1 rapier (weapon)
Armour
 n - a +0 pair of gloves (worn)
 p - a +0 robe
 t - a +0 leather armour
 w - a +0 ring mail
 x - a +0 robe
 y - a +0 troll leather armour (worn)
 D - a scarf of resistance (worn)
 L - a +0 cloak of invisibility
Jewellery
 i - an uncursed amulet of guardian spirit
 l - an uncursed ring of wizardry
 z - an uncursed ring of see invisible
 F - the ring "Hiule" {+Blink MR+ Str+5 Dex-2 Stlth-}
   (You found it on level 7 of the Dungeon)

   [ring of loudness]

   It affects your strength (+5).
   It affects your dexterity (-2).
   It affects your resistance to hostile enchantments.
   It lets you blink.
   It makes you less stealthy.
 K - a ring of magical power (right hand)
 N - an uncursed amulet of magic regeneration {unknown}
Wands
 f - a wand of enslavement (11)
 j - a wand of digging (29)
 H - a wand of polymorph (7)
Scrolls
 a - 3 scrolls of teleportation
 b - a scroll of blinking
 e - a scroll of magic mapping
 h - 4 scrolls of amnesia
 m - 2 scrolls of random uselessness
 o - 2 scrolls of remove curse
 A - 3 scrolls of immolation
 B - 2 scrolls of identify
 R - a scroll of brand weapon {unknown}
Potions
 g - 2 potions of flight {unknown}
 k - 3 potions of brilliance
 q - a potion of resistance {unknown}
 s - 2 potions of invisibility
 u - 2 potions of cancellation
 v - a potion of berserk rage {unknown}
 C - a potion of curing {unknown}
 E - a potion of magic {unknown}
 G - a potion of lignification {unknown}
 I - a potion of haste
 J - a potion of agility {unknown}
 M - a potion of mutation {unknown}
Comestibles
 c - 12 rations


   Skills:
 * Level 6.9 Fighting
 + Level 9.1 Dodging
 - Level 2.4 Stealth
 - Level 7.0 Spellcasting
 - Level 11.0 Conjurations
 - Level 6.8 Hexes
 - Level 5.7 Translocations
 - Level 1.2 Air Magic
 - Level 1.3 Poison Magic


You had 3 spell levels left.
You knew the following spells:

 Your Spells              Type           Power        Failure   Level  Hunger
a - Magic Dart            Conj           ####         1%          1    None
b - Searing Ray           Conj           ######       1%          2    None
c - Dazzling Spray        Conj/Hex       #####.       1%          3    None
d - Iskenderun's Mystic   Conj           ######..     1%          4    ###....
e - Fulminant Prism       Conj/Hex       #####.....   1%          4    ###....
f - Force Lance           Conj/Tloc      #####...     1%          4    ###....
g - Mephitic Cloud        Conj/Pois/Air  ####....     1%          3    None

Your spell library contained the following spells:

 Spells                   Type           Power        Failure   Level  Hunger
 Apportation              Tloc           ####..       1%          1    None
 Summon Small Mammal      Summ           #...         12%         1    None
 Animate Skeleton         Necr           N/A          12%         1    None
 Confusing Touch          Hex            #####.       1%          1    None


Dungeon Overview and Level Annotations

Branches:
Dungeon (10/15)            Temple (1/1) D:4            Lair (0/6) D:9
    Orc (0/2) D:9

Altars:
Ashenzari
Cheibriados
Dithmenos
Elyvilon
Fedhas
Gozag
Hepliaklqana
Kikubaaqudgha
Makhleb
Nemelex Xobeh
Okawaru
Qazlal
Ru
Sif Muna
Trog
Uskayaw
Vehumet
Wu Jian
Xom
Yredelemnul
Zin
The Shining One

Shops:
D:7 (


Message History

Confirm with . or Enter, or press ? or * to list all spells.
Aiming: Dazzling Spray (safe; 1% risk of failure)
Press: ? - help, Shift-Dir - straight line, f/p - centaur warrior
Aim: a centaur warrior, wielding a shortbow (lightly wounded)
The spray of energy hits the centaur warrior.
The centaur warrior is lightly wounded.
A phantom comes into view.
The centaur warrior shoots an arrow.
The arrow barely misses you.
Casting: Dazzling Spray (safe; 1% risk of failure)
Confirm with . or Enter, or press ? or * to list all spells.
Aiming: Dazzling Spray (safe; 1% risk of failure)
Press: ? - help, Shift-Dir - straight line, f/p - centaur warrior
Aim: a centaur warrior, wielding a shortbow (lightly wounded)
The spray of energy hits the centaur warrior.
The centaur warrior is moderately wounded.
The centaur warrior is dazzled.
The centaur warrior shoots an arrow.
The arrow hits you!
* * * LOW HITPOINT WARNING * * *
The centaur warrior shoots an arrow.
The arrow hits you!
You die...

#.#
#................#.#
#.#
#####.#.######...#.#
#†#
.................#.#
#.#
..###...#######..#.#
#.# ##..#.. ...#.#
##.# #..#.# ##.#
...# #..#.# ####
##.#.# #@#.# #.#.###
#.#.(.# #c(# #....#
#....# #..W.#
.'..... ###.....


You could see a centaur warrior (blind) and a phantom.

Vanquished Creatures
  A hydra (D:10)
  A two-headed ogre (D:9)
  Pikel (D:5)
  Joseph (D:7)
  2 gargoyles (D:10)
  A komodo dragon (D:9)
  A troll (D:9)
  Grinder (D:6)
  A hippogriff (D:8)
  3 wyverns (D:9)
  A basilisk (D:9)
  A hungry ghost (D:9)
  A warg (D:9)
  An acid dragon (D:9)
  A black bear (D:6)
  3 ice beasts
  2 sky beasts
  A necrophage (D:6)
  6 orc warriors
  4 ogres
  A phantom (D:4)
  2 centaurs
  A big kobold (D:9)
  3 bullfrogs
  2 gnoll sergeants
  A water moccasin skeleton (D:8)
  2 scorpions
  6 killer bees (D:7)
  3 howler monkeys
  A centaur zombie (D:8)
  3 crimson imps
  4 orc priests
  Crazy Yiuf (D:7)
  2 hounds
  A jelly (D:7)
  2 orc wizards
  Jessica (D:2)
  3 iguanas
  4 worker ants
  2 hound skeletons
  A mummy (D:4)
  3 worker ant zombies (D:9)
  15 gnolls
  7 adders
  4 shadow imps
  2 adder skeletons
  An adder zombie (D:9)
  3 worms
  3 dart slugs
  8 leopard geckos
  31 orcs
  A ball python (D:7)
  8 giant cockroaches
  8 goblins
  8 hobgoblins
  7 jackals
  2 quokkas
  11 bats
  A frilled lizard (D:3)
  A giant cockroach zombie (D:5)
  A hobgoblin zombie (D:4)
  10 kobolds
  A kobold zombie (D:4)
  2 quokka zombies
  7 rats
225 creatures vanquished.

Vanquished Creatures (others)
  A leopard gecko (D:5)
  2 orcs (D:5)
  20 fulminant prisms
23 creatures vanquished.

Grand Total: 248 creatures vanquished

Notes
Turn   | Place    | Note
-------+----------+-------------------------------------------
     0 | D:1      | royokou the Deep Elf Conjurer began the quest for the Orb.
     0 | D:1      | Reached XP level 1. HP: 10/10 MP: 6/6
   169 | D:1      | Reached XP level 2. HP: 13/15 MP: 8/8
   173 | D:1      | Learned a level 2 spell: Searing Ray
   223 | D:1      | Reached skill level 5 in Conjurations
   527 | D:1      | Reached XP level 3. HP: 10/19 MP: 7/10
   587 | D:1      | Learned a level 3 spell: Dazzling Spray
  1208 | D:2      | Noticed Jessica
  1228 | D:2      | Killed Jessica
  1228 | D:2      | Reached skill level 1 in Hexes
  1228 | D:2      | Reached XP level 4. HP: 19/24 MP: 8/12
  1294 | D:2      | Learned a level 4 spell: Iskenderun's Mystic Blast
  1549 | D:2      | Reached skill level 6 in Conjurations
  1604 | D:2      | Reached XP level 5. HP: 26/28 MP: 10/13
  2093 | D:3      | Found a hazy altar of Hepliaklqana.
  3003 | D:4      | Reached skill level 5 in Spellcasting
  3334 | D:4      | Reached XP level 6. HP: 21/32 MP: 10/15
  3576 | D:4      | Reached skill level 7 in Conjurations
  3657 | D:4      | Found a staircase to the Ecumenical Temple.
  3665 | Temple   | Entered the Ecumenical Temple
  3670 | Temple   | Became a worshipper of Vehumet
  3790 | D:4      | Reached XP level 7. HP: 30/36 MP: 10/17
  3796 | D:4      | Learned a level 4 spell: Fulminant Prism
  4300 | D:4      | Learned a level 4 spell: Force Lance
  4881 | D:5      | Entered Level 5 of the Dungeon
  4884 | D:5      | Reached skill level 8 in Conjurations
  4884 | D:5      | Reached skill level 1 in Translocations
  5192 | D:5      | Noticed Pikel
  5197 | D:5      | Killed Pikel
  5197 | D:5      | Reached skill level 5 in Hexes
  5197 | D:5      | Reached XP level 8. HP: 41/41 MP: 6/20
  5334 | D:5      | Reached skill level 9 in Conjurations
  5462 | D:5      | Reached * piety under Vehumet
  5462 | D:5      | Offered knowledge of Shock by Vehumet.
  5637 | D:5      | Found a burning altar of Makhleb.
  5908 | D:6      | Found a deep blue altar of Sif Muna.
  6650 | D:6      | Found a sparkling altar of Nemelex Xobeh.
  6656 | D:6      | Found a basalt altar of Yredelemnul.
  6656 | D:6      | Found an iron altar of Okawaru.
  6782 | D:6      | Reached skill level 10 in Conjurations
  7028 | D:6      | Reached XP level 9. HP: 45/45 MP: 13/21
  7128 | D:6      | Noticed Grinder
  7132 | D:6      | Killed Grinder
  7145 | D:6      | Found an ornate altar of the Wu Jian Council.
  7214 | D:6      | Reached skill level 5 in Translocations
  7307 | D:7      | Noticed Joseph
  7489 | D:7      | Reached skill level 1 in Fighting
  7736 | D:7      | Found Tonuzamn's Antique Weapon Boutique.
  8270 | D:7      | Offered knowledge of Freeze by Vehumet.
  8340 | D:7      | Reached ** piety under Vehumet
  8577 | D:7      | Got a transparent golden ring
  8579 | D:7      | Identified the ring "Hiule" {+Blink MR+ Str+5 Dex-2 Stlth-} (You found it on level 7 of the Dungeon)
  8600 | D:7      | Found a runed door.
  8780 | D:7      | Killed Joseph
  8780 | D:7      | Reached skill level 5 in Dodging
  8780 | D:7      | Reached skill level 11 in Conjurations
  9161 | D:7      | Noticed Crazy Yiuf
  9163 | D:7      | Killed Crazy Yiuf
  9982 | D:8      | Reached XP level 10. HP: 56/56 MP: 11/22
 10782 | D:9      | Found a staircase to the Orcish Mines.
 11039 | D:9      | Offered knowledge of Mephitic Cloud by Vehumet.
 11044 | D:9      | Learned a level 3 spell: Mephitic Cloud
 11125 | D:9      | Found a bloodstained altar of Trog.
 11166 | D:9      | Noticed a two-headed ogre
 11249 | D:9      | Killed a two-headed ogre
 11249 | D:9      | Reached skill level 1 in Air Magic
 11249 | D:9      | Reached skill level 1 in Poison Magic
 11487 | D:9      | Reached skill level 5 in Fighting
 11641 | D:9      | Reached *** piety under Vehumet
 11919 | D:9      | Found a staircase to the Lair.
 12010 | D:10     | Entered Level 10 of the Dungeon
 12313 | D:10     | Noticed a gargoyle
 12315 | D:10     | Noticed a gargoyle
 12316 | D:10     | Killed a gargoyle
 12346 | D:10     | Killed a gargoyle
 12526 | D:10     | Noticed a four-headed hydra
 12532 | D:10     | Killed a four-headed hydra
 12532 | D:10     | Reached XP level 11. HP: 66/66 MP: 5/23
 12690 | D:10     | Noticed a centaur warrior
 12693 | D:10     | HP: 3/66 [centaur warrior/arrow (14)]
 12696 | D:10     | Shot with an arrow by a centaur warrior

Vault maps used:
D:1:      dpeg_arrival_subterranean_lakeside_camping
D:2:      kennysheep_jessica_study
D:3:      overflow_temple_1_default, kennysheep_generic_room_8
D:4:      minmay_temple_entry_statues_pillars, nicolae_ossuary_entry_giza
D:5:      kennysheep_little_box, first_ration, zaba_anthole, uniq_pikel
D:6:      kennysheep_mini, marbit_many_paths, grunt_temple_overflow_diamond,
          uniq_grinder
D:7:      serial_shops, shop_statue, uniq_crazy_yiuf_cottage, uniq_joseph
D:9:      erik_lair_dragon, david_orc_3, trog_three_pillars_becter
Temple:   minmay_freezing_vapour_temple

Skill      XL: |  1  2  3  4  5  6  7  8  9 10 |
---------------+-------------------------------+-----
Conjurations   | 5 6 7 8 10 11 | 11.0
Spellcasting   | 4 5 7 |  7.0
Hexes          | 1 2 3 4 5 6 |  6.8
Translocations | 2 4 5 |  5.7
Dodging        | 6 9 |  9.1
Fighting       | 3 6 |  6.9
Air Magic      | 1 |  1.2
Poison Magic   | 1 |  1.3
Stealth        | |  2.4

Action                   |  1- 3 |  4- 6 |  7- 9 | 10-12 || total
-------------------------+-------+-------+-------+-------++-------
Melee: Dagger            |    12 |       |       |       ||    12
       Club              |     1 |       |       |       ||     1
       Rapier            |       |    11 |     1 |     8 ||    20
 Cast: Magic Dart        |    59 |    59 |    87 |    29 ||   234
       Searing Ray       |     6 |    21 |    47 |    18 ||    92
       Dazzling Spray    |       |     2 |     1 |     5 ||     8
       Iskenderun's Myst |       |       |    25 |    29 ||    54
       Fulminant Prism   |       |       |     9 |    11 ||    20
       Force Lance       |       |       |     5 |    28 ||    33
  Use: Scroll            |       |       |    11 |     2 ||    13
       Potion            |       |       |       |     1 ||     1
 Stab: Sleeping          |     1 |     4 |     1 |       ||     6
       Invisible         |       |     1 |       |       ||     1
  Eat: Chunk             |     1 |     7 |    15 |    10 ||    33
       Ration            |       |       |     2 |     1 ||     3
Armor: Robe              |     8 |     6 |     1 |       ||    15
       Ring mail         |       |       |    10 |     1 ||    11
       Troll leather arm |       |       |       |     3 ||     3
Dodge: Dodged            |    17 |    13 |    40 |    29 ||    99

Table legend:
 A = Spawn XP
 B = Non-spawn XP
 C = Spawn XP percentage of total XP
 D = Spawn monster count
 E = Non-spawn monster count
 F = Spawn count percentage of total count
 G = Total turns spent on level
                    A         B        C        D         E        F      G
               +---------+---------+-------+---------+---------+-------+---------
         Total |       0 |   11834 |   0.0 |       0 |     225 |   0.0 | 12696
               +---------+---------+-------+---------+---------+-------+---------
           D:1 |       0 |      51 |   0.0 |       0 |      29 |   0.0 |   885
           D:2 |       0 |     158 |   0.0 |       0 |      22 |   0.0 |  1138
           D:3 |       0 |      64 |   0.0 |       0 |      23 |   0.0 |  1111
           D:4 |       0 |     721 |   0.0 |       0 |      26 |   0.0 |  1855
           D:5 |       0 |     848 |   0.0 |       0 |      16 |   0.0 |   971
           D:6 |       0 |    1333 |   0.0 |       0 |      23 |   0.0 |  1773
           D:7 |       0 |    1662 |   0.0 |       0 |      24 |   0.0 |  1501
           D:8 |       0 |     796 |   0.0 |       0 |      13 |   0.0 |  1135
           D:9 |       0 |    4037 |   0.0 |       0 |      35 |   0.0 |  1630
          D:10 |       0 |    2164 |   0.0 |       0 |      14 |   0.0 |   686
               +---------+---------+-------+---------+---------+-------+---------
